[Event "*** Titled Tuesday Blitz"]
[Site "Chess.com"]
[Date "2020.04.14"]
[Round "3"]
[White "jwillz14"]
[Black "Harut-1998"]
[Result "1-0"]
[WhiteElo "2388"]
[BlackElo "2576"]
[TimeControl "180+1"]
[EndTime "10:27:34 PDT"]
[Termination "jwillz14 won on time"]

1. Nf3 d5 2. g3 Nf6 3. Bg2 c5 4. O-O Nc6 5. d4 Bf5 6. c4 dxc4 7. Qa4 cxd4 8. Nxd4 Qxd4 9. Bxc6+ Bd7 10. Rd1 Bxc6 11. Qxc6+ bxc6 12. Rxd4 e6 13. Rxc4 Rc8 14. Nc3 Nd5 15. Ra4 Nxc3 16. bxc3 Bc5 17. Rc4 Bb6 18. a4 Ke7 19. a5 Bd8 20. Be3 a6 21. Bb6 h5 22. Rd1 Bc7 23. Bc5+ Kf6 24. Bd4+ Kg6 25. Bb6 Be5 26. Rd7 h4 27. Kg2 h3+ 28. Kf3 Bb8 29.
Rg4+ Kf6 30. Bd4+ e5 31. Bb6 g5 32. Rc4 Kg6 33. e4 f6 34. Ba7 Bxa7 35. Rxa7 1-0

[Event "*** Titled Tuesday Blitz"]
[Site "Chess.com"]
[Date "2020.04.14"]
[Round "3"]
[White "BIG_Pirate"]
[Black "Gennady_Kozlov"]
[Result "0-1"]
[WhiteElo "2364"]
[BlackElo "2585"]
[TimeControl "180+1"]
[EndTime "10:27:34 PDT"]
[Termination "Gennady_Kozlov won by resignation"]

1. Nf3 d5 2. c4 c6 3. g3 Nf6 4.
Bg2 Bf5 5. cxd5 cxd5 6. Qb3 Qb6 7. Qxb6 axb6 8. Nc3 e6 9. d3 h6 10. O-O Nc6 11.
a3 Bc5 12. b4 Bxb4 13. Nb5 Kd7 14. Bb2 Bc5 15. Nfd4 Nxd4 16. Nxd4 Bg4 17. e4 Ra4 18.
Nb3 dxe4 19. dxe4 Nxe4 20. Nxc5+ Nxc5 21. Bxg7 Rh7 22. Be5 f5 23. h3 Be2 24. Rfe1 Bb5 25. Red1+ Ke7 26. Bd6+ Kf6 27. Bxc5 bxc5 28. Rd6 Re7 29.
Rb6 Ba6 30. Rc1 c4 31. Rcb1 Rxa3 32. Bxb7 Bxb7 33. Rxb7 Rxb7 34. Rxb7 Ke5 35. Kg2 c3 36. Rc7 Ke4 37. Rc6 e5 38. g4 f4 39. Rxh6 c2 40.
Rc6 Kd3 41. Rd6+ Ke2 42. Rc6 Kd2 43. Rd6+ Rd3 0-1

[Event "*** Titled Tuesday Blitz"]
[Site "Chess.com"]
[Date "2020.04.14"]
[Round "3"]
[White "Ariadna_Atreides"]
[Black "Pomegranate988"]
[Result "0-1"]
[WhiteElo "2017"]
[BlackElo "2504"]
[TimeControl "180+1"]
[EndTime "10:27:34 PDT"]
[Termination "Pomegranate988 won on time"]

1. d4 Nf6 2. Nf3 g6 3. c4 Bg7 4. Nc3 d5 5. cxd5 Nxd5 6. Na4 f5 7. e3 c6 8. Bd3 O-O 9. Bd2 Nd7 10. O-O e5 11. dxe5 Nxe5 12. Nxe5 Bxe5 13. Qe2 Qh4 14. f4 Bg7 15. Rac1 Re8 16. Nc3 Be6 17. Bc4 Nxc3 18.
Bxc3 Qe7 19. Bxg7 Kxg7 20. Rfe1 Bxc4 21. Qxc4 Rad8 22. g3 Qf6 23. Qc2 Re4 24. b3 Rde8 25. Kf2 R8e7 26. Rcd1 h5 27. Rd3 h4 28. Qd2 h3 29.
Rd7 Rxd7 30. Qxd7+ Re7 31. Qd2 Kh7 32. Qd3 Qb2+ 33.
Qe2 Qxe2+ 34. Rxe2 Rd7 35. Kf3 Kg7 36. g4 Rd1 37. g5 Rg1 38. Rd2 Kf8 39. Rd7 Rg2 40.
Rxb7 Rxa2 41. Kg3 Rg2+ 42. Kxh3 Re2 43. Rxa7 Rxe3+ 44. Kg2 Rxb3 0-1

[Event "*** Titled Tuesday Blitz"]
[Site "Chess.com"]
[Date "2020.04.14"]
[Round "3"]
[White "AlexOstrovskiy"]
[Black "MrTattaglia"]
[Result "0-1"]
[WhiteElo "2639"]
[BlackElo "2866"]
[TimeControl "180+1"]
[EndTime "10:27:36 PDT"]
[Termination "MrTattaglia won on time"]

1. d4 Nf6 2. Bg5 d5 3. Bxf6 gxf6 4. e3 c5 5. dxc5 e6 6. Nf3 Bxc5 7. Be2 Nc6 8. O-O Qe7 9. c4 dxc4 10. Bxc4 Bd7 11. Nc3 O-O-O 12. Rc1 Kb8 13. Qe2 Ne5 14. Nxe5 fxe5 15.
a3 f5 16. b4 Bb6 17. Rfd1 h5 18. Bb5 Bc8 19. Na4 Bc7 20. e4 h4 21. h3 Rhg8 22.
Rxd8 Qxd8 23. Rd1 Qg5 24. Qf3 b6 25. Bc6 Rd8 26. Rxd8 Qxd8 27. Nc3 a6 28. Qe2 Qd4 29. Qe3 Qc4 30. Ba4 b5 31. Bd1 f4 32. Qd2 Bb6 33.
Bg4 Bb7 34. Bf3 Ka7 35. Qe1 Qd3 36. Nd1 Qxa3 37. Qd2 Bd4 38. Qe1 Qd3 0-1

[Event "*** Titled Tuesday Blitz"]
[Site "Chess.com"]
[Date "2020.04.14"]
[Round "3"]
[White "aa175"]
[Black "Alex_Molchanov"]
[Result "1-0"]
[WhiteElo "2374"]
[BlackElo "2556"]
[TimeControl "180+1"]
[EndTime "10:27:36 PDT"]
[Termination "aa175 won by resignation"]

1. d4 Nf6 2. Bf4 d5 3. e3 c5 4.
Nf3 Nc6 5. Nbd2 cxd4 6. exd4 g6 7. c3 Bg7 8. Bd3 O-O 9. Qe2 Bg4 10. h3 Bxf3 11.
Nxf3 e6 12. O-O-O a6 13. g4 b5 14. Ne5 Rc8 15. h4 Nxd4 16. Qe3 Nc6 17. Nxc6 Rxc6 18.
h5 d4 19. Qh3 dxc3 20. hxg6 cxb2+ 21. Kb1 Qd4 22. gxf7+ Rxf7 23. Bxh7+ Nxh7 24. Qxh7+ Kf8 25. Rxd4 Bxd4 26. Bh6+ Ke7 27. Bg5+ Ke8 28. Qg8+ Rf8 29. Qg6+ Kd7 30. Rd1 e5 31. Qg7+ Ke6 32. Qxf8 Kd5 33. Qd8+ Kc4 34. Qg8+ Kc5 35. Be3 Rd6 36. Bxd4+ 1-0

[Event "*** Titled Tuesday Blitz"]
[Site "Chess.com"]
[Date "2020.04.14"]
[Round "3"]
[White "SanQui14"]
[Black "OhanyanEminChess"]
[Result "1/2-1/2"]
[WhiteElo "2323"]
[BlackElo "2544"]
[TimeControl "180+1"]
[EndTime "10:27:36 PDT"]
[Termination "Game drawn by agreement"]

1. b3 Nf6 2. Bb2 g6 3. Nf3 Bg7 4. c4 O-O 5. g3 d6 6. Bg2 c5 7. O-O Nc6 8. Nc3 Bg4 9. h3 Be6 10. d4 cxd4 11. Nxd4 Nxd4 12. Qxd4 Nd5 13. Qd2 Nxc3 14.
Bxc3 Bxc3 15. Qxc3 Rb8 16. Rfd1 Qc7 17. Rac1 Rfc8 18. Qd4 b5 19. cxb5 Qxc1 20. Rxc1 Rxc1+ 21. Kh2 Rxb5 22. Qxa7 Re5 23. Bf3 Bf5 24. a4 Kg7 25.
b4 Be4 26. a5 Bxf3 27. exf3 Ree1 28. f4 e5 29. fxe5 dxe5 1/2-1/2

[Event "*** Titled Tuesday Blitz"]
[Site "Chess.com"]
[Date "2020.04.14"]
[Round "3"]
[White "AnnaChessLook"]
[Black "claudyna16"]
[Result "0-1"]
[WhiteElo "2236"]
[BlackElo "2526"]
[TimeControl "180+1"]
[EndTime "10:27:36 PDT"]
[Termination "claudyna16 won by resignation"]

1. d4 Nf6 2. c4 g6 3. Nc3 Bg7 4. e4 d6 5. Nf3 O-O 6. h3 e5 7. dxe5 dxe5 8. Qxd8 Rxd8 9. Bg5 c6 10.
Nxe5 Re8 11. O-O-O h6 12. Bf4 g5 13. Bh2 Na6 14.
f3 Be6 15. Ng4 Nd7 16. Be2 Nac5 17. Kc2 a5 18. Ne3 Ne5 19. b3 Rec8 20. Rd2 b5 21. Rhd1 b4 22. Nb1 a4 23. bxa4 Rxa4 24. a3 b3+ 25. Kc1 Nxc4 26. Rd8+ Rxd8 27. Rxd8+ Kh7 28. Nf5 Bxf5 29. exf5 Nxa3 30. Bd3 Nxd3+ 0-1

[Event "*** Titled Tuesday Blitz"]
[Site "Chess.com"]
[Date "2020.04.14"]
[Round "3"]
[White "GodDMuhammad"]
[Black "Olkaa"]
[Result "0-1"]
[WhiteElo "2244"]
[BlackElo "2646"]
[TimeControl "180+1"]
[EndTime "10:27:36 PDT"]
[Termination "Olkaa won by resignation"]

1. f4 g6 2. Nf3 Bg7 3. g3 d6 4. Bg2 e5 5. d3 Ne7 6. c3 O-O 7. O-O Nbc6 8. e4 h6 9. Be3 Be6 10.
Nbd2 Qd7 11. Nh4 exf4 12. gxf4 f5 13. d4 fxe4 14. Bxe4 Nf5 15. Bf2 Nxh4 16. Bxh4 Bf5 17. Bd5+ Kh7 18. Qf3 Rae8 19. Rae1 Rxe1 20. Bxe1 Re8 21.
Nc4 Bh3 22. Bg3 Bxf1 23. Kxf1 Ne7 24. Bxb7 c6 25. Ba6 Nd5 26. Nd2 Qh3+ 27. Kg1 Re3 28. Qf2 Re7 29. Bd3 Rf7 30. c4 Nxf4 31. Bxf4 Qxd3 0-1

[Event "*** Titled Tuesday Blitz"]
[Site "Chess.com"]
[Date "2020.04.14"]
[Round "3"]
[White "want2lose"]
[Black "Riptide27"]
[Result "1/2-1/2"]
[WhiteElo "2757"]
[BlackElo "2471"]
[TimeControl "180+1"]
[EndTime "10:27:37 PDT"]
[Termination "Game drawn by repetition"]

1. d4 d5 2. c4 e6 3. Nf3 Nf6 4. Nc3 dxc4 5. e3 a6 6. a4 Nbd7 7. Bxc4 b6 8. O-O Bb7 9. Qe2 Bb4 10. Bd2 O-O 11. Rac1 Qe7 12. Rfd1 c5 13. h3 h6 14. Be1 cxd4 15. exd4 Rfd8 16. d5 exd5 17. Qxe7 Bxe7 18.
Nxd5 Nxd5 19. Bxd5 Bxd5 20. Rxd5 Nc5 21. Rxd8+ Rxd8 22. a5 Nd3 23. Rc7 Nxe1 24. Rxe7 Nxf3+ 25. gxf3 bxa5 26. Re5 Rb8 27. Rxa5 Rxb2 28. Rxa6 g6 29. Kg2 Kg7 30. Kg3 h5 31. Ra4 Kf6 32. Rc4 Kf5 33. Rc5+ Kf6 34. Rc4 Kf5 35. h4 Rb1 36. Kg2 Rd1 37. Re4 Rb1 38. Rc4 Re1 39. Ra4 Rd1 40. Kg3 Rg1+ 41. Kh2 Re1 42. Kg2 Rd1 43. Ra7 Kf6 44. Ra5 Rd4 45. Kg3 Rd1 46. Ra6+ Kf5 47. Ra5+ Kf6 48. Ra6+ Kf5 49. Ra5+ Kf6 1/2-1/2

[Event "*** Titled Tuesday Blitz"]
[Site "Chess.com"]
[Date "2020.04.14"]
[Round "3"]
[White "Mischuk_D"]
[Black "Alopekos"]
[Result "1-0"]
[WhiteElo "2703"]
[BlackElo "2434"]
[TimeControl "180+1"]
[EndTime "10:27:37 PDT"]
[Termination "Mischuk_D won on time"]

1. e4 e5 2. Nf3 Nc6 3. Nc3 Nf6 4.
Bb5 Nd4 5. Bc4 d5 6. exd5 Bg4 7. d3 Qd7 8. Be3 Bxf3 9. gxf3 O-O-O 10. f4 Qf5 11. fxe5 Nf3+ 12. Kf1 Ng4 13. Qe2 Qh5 14. h3 Ngh2+ 15. Rxh2 Nxh2+ 16. Kg2 Qxe5 17. f4 Qf5 18. Kxh2 Bd6 19. Qf3 Rde8 20. Ne4 g5 21. Nxd6+ cxd6 22. Rf1 gxf4 23. Bxf4 Rhg8 24. Bg3 Qxf3 25. Rxf3 Re2+ 26. Rf2 Rge8 27. d4 Rxf2+ 28. Bxf2 Kc7 29. Bd3 h6 30. Kg2 Rg8+ 31. Kf3 Rg5 32. h4 Rg8 33. Be3 h5 34. Bg5 f6 35. Bf4 Rg4 36. c4 Rxh4 37. c5 Rh3+ 38.
Ke2 Rh4 39. Bxd6+ Kd8 40. Ke3 Rh3+ 41. Kd2 h4 42. c6 bxc6 43. dxc6 Rxd3+ 44. Kxd3 h3 45.
d5 f5 46. Bh2 1-0

[Event "*** Titled Tuesday Blitz"]
[Site "Chess.com"]
[Date "2020.04.14"]
[Round "3"]
[White "paradise10"]
[Black "MrChessSponge"]
[Result "0-1"]
[WhiteElo "2734"]
[BlackElo "2406"]
[TimeControl "180+1"]
[EndTime "10:27:37 PDT"]
[Termination "MrChessSponge won by resignation"]

1. e4 c5 2. Nf3 d6 3. d4 cxd4 4.
Nxd4 Nf6 5. Nc3 a6 6. h4 Nc6 7. Bg5 e6 8. Nxc6 bxc6 9. e5 dxe5 10. Qxd8+ Kxd8 11. Ne4 Be7 12. Nxf6 gxf6 13. O-O-O+ Kc7 14. Be3 a5 15. a3 Ba6 16. Bxa6 Rxa6 17. Rd2 Raa8 18.
Rhd1 Rhd8 19. c4 f5 20. Bg5 f6 21. Rxd8 Rxd8 22. Rxd8 Kxd8 23. Bd2 a4 24. Kc2 h5 25.
Ba5+ Kc8 26. Kc3 Kb7 27. Bb4 c5 28. Ba5 f4 29. b4 axb3 30. Kxb3 e4 31. Bd2 f5 32.
Bxf4 Bxh4 33. g3 Bf6 34. Bd6 Kc6 35. Bf8 Bd4 36. a4 Bxf2 37. a5 Bxg3 38. a6 h4 39. Bxc5 h3 40. Bg1 h2 41. Bxh2 Bxh2 42. c5 Bg1 43. a7 Kb7 0-1

[Event "*** Titled Tuesday Blitz"]
[Site "Chess.com"]
[Date "2020.04.14"]
[Round "3"]
[White "floplover"]
[Black "CastleOasisChess"]
[Result "0-1"]
[WhiteElo "2286"]
[BlackElo "2066"]
[TimeControl "180+1"]
[EndTime "10:27:37 PDT"]
[Termination "CastleOasisChess won on time"]

1. d4 d5 2. c4 e6 3. Nc3 f5 4. e3 c6 5. Bd3 Bd6 6. Nge2 Nf6 7. f3 O-O 8. Qc2 Qe7 9. Bd2 g6 10. O-O Na6 11. a3 dxc4 12. Bxc4 Kg7 13. Rae1 e5 14.
dxe5 Bxe5 15. f4 Bc7 16. Nd4 Nc5 17. Kh1 Nce4 18. Bd3 Nxd2 19. Qxd2 Bd7 20. e4 Qd6 21. Bb1 fxe4 22. Nxe4 Nxe4 23. Rxe4 Rae8 24. Rxe8 Rxe8 25. Qc3 Qf6 26. f5 Be5 27. Qb3 Bxd4 28. Qxb7 Re7 29. Qb4 c5 30. Qc4 Bxf5 31. b4 Be6 32. Qb5 Qe5 33.
bxc5 Qxc5 34. Qb8 Rf7 35. Re1 Qc3 0-1

[Event "*** Titled Tuesday Blitz"]
[Site "Chess.com"]
[Date "2020.04.14"]
[Round "3"]
[White "TomsKantans"]
[Black "Tesla37"]
[Result "1/2-1/2"]
[WhiteElo "2663"]
[BlackElo "2879"]
[TimeControl "180+1"]
[EndTime "10:27:38 PDT"]
[Termination "Game drawn by repetition"]

1. e4 c5 2. Nf3 e6 3. d4 cxd4 4. Nxd4 Nc6 5. Nc3 a6 6. Be3 Nf6 7. f4 d6 8. Qf3 Bd7 9. O-O-O Rc8 10. g4 h6 11. h4 Nxd4 12. Rxd4 e5 13. fxe5 dxe5 14.
Rd3 Qa5 15. g5 hxg5 16. hxg5 Bg4 17. Qg2 Rxh1 18. Qxh1 Nd7 19. Bh3 Bxh3 20. Qxh3 Rd8 21.
g6 Nf6 22. Rxd8+ Qxd8 23. Qf5 Qc7 24. Nd5 Nxd5 25. exd5 fxg6 26. Qxg6+ Qf7 27. Qe4 Bd6 28. c4 Qf1+ 29. Kc2 Qe2+ 30. Kc3 Qe1+ 31. Kc2 Qe2+ 32.
Kc3 Qe1+ 33. Kc2 Qe2+ 1/2-1/2

[Event "*** Titled Tuesday Blitz"]
[Site "Chess.com"]
[Date "2020.04.14"]
[Round "3"]
[White "dretch"]
[Black "UCantHandleDenker"]
[Result "1-0"]
[WhiteElo "2783"]
[BlackElo "2566"]
[TimeControl "180+1"]
[EndTime "10:27:38 PDT"]
[Termination "dretch won by checkmate"]

1. d4 Nf6 2. c4 c5 3. d5 d6 4.
Nc3 g6 5. e4 Bg7 6. h3 O-O 7.
Nf3 e6 8. Bd3 exd5 9. cxd5 a6 10. a4 Re8 11. O-O Nbd7 12. Bf4 Bf8 13. Re1 Nh5 14. Bh2 Qc7 15. Be2 Bh6 16. e5 Bf4 17. e6 fxe6 18. dxe6 Ndf6 19. g3 Bh6 20. Bc4 Ng7 21.
g4 Bxe6 22. Rxe6 Nxe6 23. g5 Bg7 24. gxf6 Bxf6 25. Nd5 Qg7 26. Nf4 Bxb2 27. Nxe6 Qc3 28. Bd5 Bxa1 29. Nfg5 Rxe6 30. Bxe6+ Kg7 31. Bxd6 Rf8 32.
Bxf8+ Kxf8 33. Qd8+ Kg7 34. Qe7+ Kh6 35. Nf7+ Kg7 36.
Ne5+ Kh6 37. Ng4+ Kh5 38. Qxh7+ Kg5 39. Qh6# 1-0

[Event "*** Titled Tuesday Blitz"]
[Site "Chess.com"]
[Date "2020.04.14"]
[Round "3"]
[White "IMUffeVinther-Schou"]
[Black "Zq1"]
[Result "0-1"]
[WhiteElo "2320"]
[BlackElo "2557"]
[TimeControl "180+1"]
[EndTime "10:27:38 PDT"]
[Termination "Zq1 won by resignation"]

1. e4 c5 2. Nf3 d6 3. Bb5+ Bd7 4. a4 Nc6 5. d3 Nf6 6. O-O g6 7. Nbd2 Bg7 8. Re1 O-O 9. Nc4 b6 10. a5 Nd4 11. Bxd7 Nxf3+ 12. Qxf3 Nxd7 13. axb6 axb6 14. Rxa8 Qxa8 15. Qg4 Qa7 16. Bd2 b5 17. Na5 Ne5 18. Qg3 Qc7 19. f4 Nd7 20. b3 Ra8 21. Qh3 Rxa5 22. Bxa5 Qxa5 23. Rf1 Qa7 24. Kh1 b4 25. Qg4 h5 26. Qe2 Bd4 27. f5 Nf6 28. fxg6 fxg6 29. Qf3 Qd7 30. h3 Kg7 31. Qf4 Qe6 32.
Qg5 Qe5 33. Qd2 h4 34. Qe2 Nh5 35. Qe3 Ng3+ 0-1

[Event "*** Titled Tuesday Blitz"]
[Site "Chess.com"]
[Date "2020.04.14"]
[Round "3"]
[White "Siemba"]
[Black "Schandenfreude"]
[Result "1-0"]
[WhiteElo "2248"]
[BlackElo "2483"]
[TimeControl "180+1"]
[EndTime "10:27:38 PDT"]
[Termination "Siemba won on time"]

1. e4 e5 2. Nf3 Nf6 3. Nxe5 d6 4. Nf3 Nxe4 5. Bd3 Nc5 6. Be2 Be7 7. d4 Ne4 8. O-O O-O 9. Bd3 d5 10. c3 c6 11. Nbd2 Nxd2 12. Bxd2 Nd7 13. Re1 Nf6 14. Ne5 Nd7 15. Qh5 g6 16. Bxg6 fxg6 17. Nxg6 Nf6 18. Qh6 hxg6 19. Qxg6+ Kh8 20. Re5 Qe8 21. Qh6+ Nh7 22.
Rae1 Rf7 23. Bg5 Be6 24. Rxe6 Qf8 25. Rxe7 Rxe7 26. Rxe7 1-0

[Event "*** Titled Tuesday Blitz"]
[Site "Chess.com"]
[Date "2020.04.14"]
[Round "3"]
[White "quesfr"]
[Black "littleozy"]
[Result "1-0"]
[WhiteElo "2216"]
[BlackElo "2414"]
[TimeControl "180+1"]
[EndTime "10:27:38 PDT"]
[Termination "quesfr won on time"]

1. e4 c6 2. d4 d5 3. e5 Bf5 4.
h4 h5 5. Bd3 Bxd3 6. Qxd3 e6 7.
Bg5 Qa5+ 8. Nd2 Qa6 9. c4 Bb4 10. b3 Ne7 11. Ne2 Nd7 12. O-O f6 13. exf6 gxf6 14.
a3 Bd6 15. Bf4 e5 16. dxe5 fxe5 17. Bg5 O-O-O 18. b4 Rdf8 19. b5 cxb5 20. cxb5 Qb6 21. Bxe7 Bxe7 22. Qxd5 Kb8 23. Qxd7 Bxh4 24. Ne4 Rhg8 25.
Qd6+ Qxd6 26. Nxd6 Rg6 27. Ne4 Rg4 28. f3 Rg7 29. Kh2 Bd8 30. Rad1 h4 31. Rd5 Bb6 32. Rfd1 a6 33. bxa6 bxa6 34. Rd6 1-0

[Event "*** Titled Tuesday Blitz"]
[Site "Chess.com"]
[Date "2020.04.14"]
[Round "3"]
[White "mortngabriel"]
[Black "Chess2019Player"]
[Result "0-1"]
[WhiteElo "2373"]
[BlackElo "2198"]
[TimeControl "180+1"]
[EndTime "10:27:38 PDT"]
[Termination "Chess2019Player won on time"]

1. e4 e6 2. Nf3 d5 3. e5 c5 4. b4 cxb4 5. a3 bxa3 6. d4 Nc6 7. c3 Bd7 8. Bd3 Na5 9. Ng5 Be7 10. h4 Nc4 11.
Qh5 Nh6 12. Nxh7 Qa5 13. Bxh6 gxh6 14. Ra2 Nb2 15. Bc2 Ba4 16. Qe2 Bb5 17. Qf3 Bc4 18. Nf6+ Kd8 19. Ra1 a2 0-1

[Event "*** Titled Tuesday Blitz"]
[Site "Chess.com"]
[Date "2020.04.14"]
[Round "3"]
[White "Flawless_Fighter"]
[Black "Abdimalik_Abdisalimov"]
[Result "1-0"]
[WhiteElo "2613"]
[BlackElo "2794"]
[TimeControl "180+1"]
[EndTime "10:27:39 PDT"]
[Termination "Flawless_Fighter won on time"]

1. e4 e5 2. Nf3 Nc6 3. Bb5 Nf6 4. d3 d6 5. O-O Bd7 6. c3 g6 7. h3 Bg7 8. Re1 O-O 9. d4 a6 10. Bf1 Nh5 11. d5 Ne7 12. c4 f5 13.
Nc3 f4 14. Rb1 a5 15. b3 Rf7 16. a3 h6 17. b4 axb4 18. axb4 Bf8 19. c5 Nf6 20. Bb2 g5 21. cxd6 cxd6 22. Nb5 Qb6 23. Nxd6 Qxd6 24. Nxe5 Ba4 25. Nxf7 Kxf7 26. Qd4 Ne8 27.
Bc4 Bg7 28. e5 Nf5 29. Qe4 Qg6 30. d6+ Kf8 31. e6 Nexd6 32. e7+ Ke8 33. Qd5 1-0

[Event "*** Titled Tuesday Blitz"]
[Site "Chess.com"]
[Date "2020.04.14"]
[Round "3"]
[White "jposthuma"]
[Black "Oligan22"]
[Result "0-1"]
[WhiteElo "2584"]
[BlackElo "2395"]
[TimeControl "180+1"]
[EndTime "10:27:39 PDT"]
[Termination "Oligan22 won on time"]

1. d4 d5 2. c4 dxc4 3. Nf3 a6 4. a4 Nf6 5. e3 e6 6. Bxc4 c5 7. O-O Nc6 8. Nc3 Be7 9. h3 O-O 10. Qe2 Qc7 11. dxc5 Bxc5 12. e4 Nd4 13. Nxd4 Bxd4 14. Rd1 Qc5 15. Ba2 b6 16. Bf4 e5 17. Bg5 Be6 18. Bxf6 gxf6 19. Bxe6 fxe6 20. Qg4+ Kh8 21. Qxe6 Bxf2+ 22. Kh1 Rae8 23. Qf5 Bd4 24. Nd5 Qc6 25.
Rac1 Qe6 26. Qxe6 Rxe6 27. b3 f5 28. Nc7 Rg6 29. exf5 Rxf5 30. Nxa6 Rf2 31. Rc8+ Kg7 0-1

[Event "*** Titled Tuesday Blitz"]
[Site "Chess.com"]
[Date "2020.04.14"]
[Round "3"]
[White "Ruchess27"]
[Black "csati17"]
[Result "0-1"]
[WhiteElo "2264"]
[BlackElo "2536"]
[TimeControl "180+1"]
[EndTime "10:27:39 PDT"]
[Termination "csati17 won by resignation"]

1. d4 Nf6 2. c4 g6 3. Nf3 Bg7 4. g3 O-O 5. Bg2 b6 6. O-O Bb7 7. Nc3 Ne4 8. Qc2 Nxc3 9. Qxc3 c5 10. Be3 Nc6 11. Qd2 cxd4 12. Nxd4 Qc8 13. b3 Ne5 14. h3 Bxg2 15. Kxg2 Qb7+ 16. Kg1 d5 17. cxd5 Qxd5 18. Rad1 Qb7 19. Qb4 Rfd8 20. f4 Nc6 21. Nxc6 Qxc6 22. Bd4 a5 23. Qxe7 Rxd4 24.
Rxd4 Bxd4+ 25. e3 Re8 0-1

[Event "*** Titled Tuesday Blitz"]
[Site "Chess.com"]
[Date "2020.04.14"]
[Round "3"]
[White "chiwii"]
[Black "trickytock"]
[Result "0-1"]
[WhiteElo "2227"]
[BlackElo "2509"]
[TimeControl "180+1"]
[EndTime "10:27:39 PDT"]
[Termination "trickytock won by resignation"]

1. e4 c5 2. Nf3 Nc6 3. d4 cxd4 4. Nxd4 Nf6 5. Nc3 d6 6. Be2 g6 7. O-O Bg7 8. Be3 O-O 9. Qd2 Bd7 10. Rfd1 Nxd4 11.
Bxd4 Bc6 12. f3 Re8 13. a4 a6 14. a5 Qd7 15. Nd5 Bxd5 16. exd5 Rac8 17. c4 Nh5 18. b4 Qf5 19. g4 Bxd4+ 20. Qxd4 Qg5 21. h4 Nf4 22. hxg5 Nxe2+ 23. Kg2 Nxd4 24. Rxd4 Rc7 25. Re1 Kf8 26. Kf2 Rec8 27. Rc1 Rb8 28. Ke2 b6 29.
Kd3 bxa5 30. bxa5 Rc5 31. Ra1 Rb3+ 32. Ke2 Rc3 33. Ra4 Rc7 34. f4 Rb7 35. Kd2 Rg3 36.
Rd3 Rxg4 37. Rf3 Rb2+ 38. Kc3 Rgg2 39. Kd4 Rbd2+ 40. Kc3 Rdf2 41. Rh3 Kg7 42. c5 dxc5 43. Re4 Rd2 44. Rxe7 Rxd5 45. Ra7 Rf5 46. Kc4 Rf2 47. Rxa6 R2xf4+ 48. Kc3 Rxg5 49. Rc6 Ra4 50. a6 c4 51. Rf3 Ra3+ 52. Kxc4 Rxf3 53. a7 Ra5 54. Rc7 0-1

[Event "*** Titled Tuesday Blitz"]
[Site "Chess.com"]
[Date "2020.04.14"]
[Round "3"]
[White "Alliswell998"]
[Black "BilguunSu"]
[Result "1/2-1/2"]
[WhiteElo "2564"]
[BlackElo "2730"]
[TimeControl "180+1"]
[EndTime "10:27:40 PDT"]
[Termination "Game drawn by repetition"]

1. e4 c5 2. Nc3 Nc6 3. f4 g6 4. Nf3 Bg7 5. Bb5 d6 6. Bxc6+ bxc6 7. d3 f6 8. O-O Nh6 9. Qe1 O-O 10. Kh1 Nf7 11.
Be3 e5 12. f5 gxf5 13. exf5 Bxf5 14. Nxe5 fxe5 15. Rxf5 Qd7 16. Qf2 Nh6 17. Rxf8+ Rxf8 18. Qe2 Qg4 19. Rf1 Rxf1+ 20. Qxf1 Nf5 21. Bg1 Qh5 22. Bf2 Bf8 23. Ne4 Be7 24. Ng3 Nxg3+ 25.
Bxg3 Qf7 26. Kg1 Qxa2 27. Qc1 c4 28. h4 cxd3 29. cxd3 c5 30. Kh2 Qe6 31. Qa1 Qg4 32. Qe1 Kf7 33. b3 Ke6 34. Qf2 Qf5 35. Qa2 Qg4 36. Qf2 h5 37. Qe1 Qf5 38. Qe3 Qg4 39. Qf2 Kd7 40. Qe1 Kd8 41. Qa5+ Ke8 42. Qe1 Kf7 43. Qf2+ Ke6 44. Qe1 Kf7 45. Qf2+ Ke6 1/2-1/2

[Event "*** Titled Tuesday Blitz"]
[Site "Chess.com"]
[Date "2020.04.14"]
[Round "3"]
[White "Nafania1"]
[Black "TheCount"]
[Result "0-1"]
[WhiteElo "2374"]
[BlackElo "2598"]
[TimeControl "180+1"]
[EndTime "10:27:41 PDT"]
[Termination "TheCount won on time"]

1. e4 e5 2. Nf3 Nc6 3. Bb5 a6 4.
Ba4 Nf6 5. O-O Be7 6. Re1 b5 7. Bb3 d6 8. c3 O-O 9. d4 Bg4 10.
Be3 exd4 11. cxd4 Na5 12. h3 Bh5 13. Nbd2 c5 14. Bc2 Rc8 15. g4 cxd4 16. Nxd4 Bg6 17. Rc1 Re8 18. Qf3 Nd7 19. Nf5 Ne5 20. Qg2 Nac4 21.
Nxc4 Nxc4 22. Nxe7+ Qxe7 23. Bd4 d5 24. e5 Nd2 25. Bxg6 hxg6 26. Rxc8 Rxc8 27. f4 Ne4 28. f5 Rc4 29. Rd1 Rxd4 30. Rxd4 Qc5 0-1

[Event "*** Titled Tuesday Blitz"]
[Site "Chess.com"]
[Date "2020.04.14"]
[Round "3"]
[White "JakeCarlosBanawa"]
[Black "avocadosheena"]
[Result "1-0"]
[WhiteElo "2359"]
[BlackElo "2147"]
[TimeControl "180+1"]
[EndTime "10:27:41 PDT"]
[Termination "JakeCarlosBanawa won by checkmate"]

1. d4 d5 2. c4 c6 3. Nc3 Nf6 4. Nf3 e6 5. Bg5 Nbd7 6. Qc2 Qa5 7. e3 Bb4 8. Bd3 Ne4 9. O-O Nxg5 10. Nxg5 dxc4 11.
Nxf7 Kxf7 12. Bxc4 Nf6 13. e4 Qg5 14. f4 Qg4 15. f5 Ke7 16. Rae1 Rd8 17. Qb3 Bxc3 18. bxc3 Nh5 19. fxe6 Nf4 20. Qb4+ Ke8 21. g3 Nxe6 22. Bxe6 Bxe6 23. Rf8+ Kd7 24. Qxb7+ Kd6 25. e5+ Kd5 26.
Qb3# 1-0

[Event "*** Titled Tuesday Blitz"]
[Site "Chess.com"]
[Date "2020.04.14"]
[Round "3"]
[White "tigra"]
[Black "vladimirdamjanovic"]
[Result "1-0"]
[WhiteElo "2804"]
[BlackElo "2537"]
[TimeControl "180+1"]
[EndTime "10:27:42 PDT"]
[Termination "tigra won by checkmate"]

1. e4 c6 2. d4 d5 3. e5 Bf5 4.
c4 e6 5. Nc3 Bb4 6. Ne2 dxc4 7.
Ng3 Bd3 8. Bxd3 cxd3 9. Qxd3 Nd7 10. O-O Ne7 11. Nce4 Nxe5 12. Qb3 Qxd4 13. Be3 Qc4 14. Qa4 Qb5 15. Qb3 Nd5 16. Bd4 f6 17. Bxe5 fxe5 18. Nh5 O-O 19. Qg3 g6 20. Qg4 Rae8 21. a3 Bc5 22.
Nxc5 Qxc5 23. Rae1 Kh8 24. Ng3 Nf4 25. Ne4 Qd4 26.
b3 Qb2 27. g3 Nh5 28. Nc5 Nf6 29. Qc4 Qd4 30. Nxb7 Qxc4 31. bxc4 Nd7 32. Rd1 Nb6 33.
c5 Nd5 34. Na5 Rc8 35. Rfe1 Rf3 36. Nc4 e4 37. Nd6 Rcf8 38. Nxe4 Rxa3 39. Ng5 Ra2 40. f4 Rb8 41. Rb1 Rxb1 42. Rxb1 a5 43. Rb8+ Kg7 44. Rb7+ Kf6 45. Rf7# 1-0

[Event "*** Titled Tuesday Blitz"]
[Site "Chess.com"]
[Date "2020.04.14"]
[Round "3"]
[White "Mikhail_Golubev"]
[Black "Luibov_AN"]
[Result "1-0"]
[WhiteElo "2515"]
[BlackElo "2177"]
[TimeControl "180+1"]
[EndTime "10:27:43 PDT"]
[Termination "Mikhail_Golubev won by resignation"]

1. e4 g6 2. d4 Bg7 3. c3 c5 4. dxc5 Nc6 5. Nf3 Qa5 6. Be3 Nf6 7. Nbd2 Ng4 8. Bd4 e5 9. Nc4 Qc7 10. Nd6+ Kf8 11. Be3 Nxe3 12. fxe3 a5 13. Bc4 Nd8 14.
b4 h6 15. O-O b6 16. Nh4 Kg8 17. Nxf7 Kh7 18. Qg4 d5 19. Qxg6+ Kg8 20. Bxd5 Be6 21. Bxe6 Nxe6 22. Qxe6 Qxf7 23. Qxf7+ Kh7 24. Qg6+ Kg8 25. Qf7+ Kh7 26. Qf5+ Kg8 27. Ng6 Re8 28. Qf7+ Kh7 29. Qf5 Kg8 30. Rad1 1-0

[Event "*** Titled Tuesday Blitz"]
[Site "Chess.com"]
[Date "2020.04.14"]
[Round "3"]
[White "CakeinSpace2002"]
[Black "juniortay"]
[Result "1-0"]
[WhiteElo "2214"]
[BlackElo "2457"]
[TimeControl "180+1"]
[EndTime "10:27:43 PDT"]
[Termination "CakeinSpace2002 won by resignation"]

1. e4 e5 2. Nf3 Nf6 3. Nxe5 Nc6 4. Nxc6 dxc6 5. d3 Bc5 6. Be2 h5 7. Nc3 Ng4 8. Bxg4 hxg4 9. Be3 Bxe3 10. fxe3 Qg5 11. Qe2 Be6 12. O-O-O O-O-O 13. Kb1 Qa5 14. a3 b5 15. Qd2 b4 16. axb4 Qxb4 17. Ne2 Qa4 18.
b3 Qa6 19. Qc3 f6 20. Kb2 Rh5 21. Ra1 Qb6 22. Nf4 Rc5 23. Qd2 Bf7 24. Ra3 Kb7 25.
Rha1 Ra8 26. Ne2 Rh5 27. Ra4 c5 28. Nc3 Rxh2 29. Ra5 c6 30. Na4 Rxg2 31. Nxb6 Rxd2 32. Nxa8 Be6 33. Rxa7+ Kc8 34. Nb6+ Kd8 35. Rxg7 Rg2 36. Ra8+ 1-0